 Dungeon Crawl Stone Soup version 0.23.2-40-g277498a001 (webtiles) character file.

Game seed: 10249487630163023385

18386 DildoBatman the Blocker (level 12, -20/86 HPs)
             Began as a Formicid Wizard on Sept 10, 2019.
             Was a High Priest of Kikubaaqudgha.
             Demolished by an ettin
             ... wielding a +0 dire flail
              (28 damage)
             ... on level 11 of the Dungeon.
             The game lasted 00:50:42 (11756 turns).

DildoBatman the Blocker (Formicid Wizard)          Turns: 11756, Time: 00:50:43

Health: -20/86     AC:  7    Str: 12    XL:     12   Next: 94%
Magic:  18/21      EV: 12    Int: 23    God:    Kikubaaqudgha [*****.]
Gold:   1647       SH: 10    Dex:  9    Spells: 6/23 levels left

rFire    + . .     SeeInvis +   a - +8 quarterstaff "Dustruux" {holy, rF+}
rCold    + . .     Gourm    .   q - +0 shield
rNeg     . . .     Faith    .   o - +1 troll leather armour {Snorg}
rPois    .         Spirit   .   (helmet unavailable)
rElec    .         Reflect  .   Q - +0 cloak
rCorr    .         Harm     .   (no gloves)
MR       +....                  (no boots)
Stlth    +++.......             (no amulet)
HPRegen  0.64/turn              l - ring of protection from fire
MPRegen  0.17/turn              L - ring of ice

@: no status effects
A: permanent stasis, dig shafts and tunnels, four strong arms, antennae 3
a: Dig, Shaft Self, Receive Corpses, Torment, Renounce Religion


You were on level 11 of the Dungeon.
You worshipped Kikubaaqudgha.
Kikubaaqudgha was extremely pleased with you.
You were not hungry.

You visited 2 branches of the dungeon, and saw 12 of its levels.
You also visited: Bailey.

You collected 1647 gold pieces.

Inventory:

Hand Weapons
 a - the +8 quarterstaff "Dustruux" (weapon) {holy, rF+}
   (You found it on level 7 of the Dungeon)

   It has been blessed by the Shining One to cause great damage to the undead
   and demons.
   It protects you from fire.
 h - the cursed +3 short sword of Cruel Justice {venom, Fragile rPois rC+}
   (You took it off a wight on level 11 of the Dungeon)

   It poisons the flesh of those it strikes.
   It protects you from cold.
   It protects you from poison.
   It will be destroyed if unequipped.
   It has a curse placed upon it.
 u - a +0 blowgun
 N - a +2 shortbow of flaming
 P - a +5 short sword of draining
Missiles
 c - 353 stones
 d - 3 needles of paralysis
 f - 71 sling bullets
 g - 9 tomahawks of returning (quivered)
 i - 69 bolts
 m - 7 tomahawks
 s - 52 poisoned needles
 R - 368 arrows
Armour
 k - a +0 large shield
 o - a +1 troll leather armour (worn) {Snorg}
 q - a +0 shield (worn)
 Q - a +0 cloak (worn)
 U - the +1 plate armour of Going Fast {rElec rCorr Int+2 SInv}
   (You found it on level 9 of the Dungeon)

   It affects your intelligence (+2).
   It insulates you from electricity.
   It lets you see invisible.
   It provides partial protection from all sources of acid and corrosion.
 W - the +15 Maxwell's patent armour {-Cast -Tele rElec MR+ rCorr}
   (You found it on level 11 of the Dungeon)

   It insulates you from electricity.
   It affects your resistance to hostile enchantments.
   It prevents spellcasting.
   It prevents most forms of teleportation.
   It provides partial protection from all sources of acid and corrosion.
Magical Staves
 T - an uncursed staff of fire
Jewellery
 l - a ring of protection from fire (left hand)
 L - a ring of ice (right hand)
 S - an uncursed ring of magical power {unknown}
Wands
 C - a wand of clouds (3)
 I - a wand of scattershot (3)
 K - a wand of digging (5)
 M - a wand of enslavement (8)
Scrolls
 b - a scroll of fog
 r - 2 scrolls of enchant weapon {unknown}
 w - a scroll of acquirement {unknown}
 x - 4 scrolls of remove curse
 y - 3 scrolls of amnesia {unknown}
 z - 10 scrolls of identify
 B - 2 scrolls of immolation {unknown}
 G - 2 scrolls of fear {unknown}
Potions
 e - 7 potions of curing
 j - a potion of degeneration {unknown}
 n - 2 potions of haste {unknown}
 p - 3 potions of brilliance {unknown}
 t - 2 potions of heal wounds
 A - 2 potions of magic {unknown}
 D - a potion of mutation {unknown}
 E - 2 potions of flight {unknown}
 F - 2 potions of cancellation {unknown}
 H - a potion of berserk rage {unknown}
 J - 3 potions of lignification {unknown}
 O - a potion of ambrosia {unknown}
Miscellaneous
 X - a lamp of fire
Comestibles
 v - 23 rations
 V - 4 chunks of flesh


   Skills:
 - Level 5.0 Fighting
 - Level 4.0 Staves
 - Level 5.0 Armour
 - Level 3.1 Dodging
 - Level 6.1 Stealth
 - Level 9.5 Shields
 - Level 6.0 Spellcasting
 - Level 6.0 Conjurations
 - Level 4.0 Charms
   Level 1.0 Summonings
 * Level 6.4 Necromancy
   Level 0.8 Translocations
 - Level 4.4 Fire Magic
 - Level 5.3 Air Magic
 - Level 8.4 Poison Magic
 - Level 6.0 Evocations


You had 6 spell levels left.
You knew the following spells:

 Your Spells              Type           Power        Failure   Level  Hunger
a - Conjure Flame         Conj/Fire      ####....     3%          3    #......
c - Magic Dart            Conj           ####         1%          1    None
d - Regeneration          Chrm/Necr      ####......   3%          3    #......
e - Mephitic Cloud        Conj/Pois/Air  #####...     2%          3    #......
h - Dispel Undead         Necr           #####...     22%         5    #####..
z - Sublimation of Blood  Necr           #####.....   1%          2    None

Your spell library contained the following spells:

 Spells                   Type           Power        Failure   Level  Hunger
 Animate Skeleton         Necr           N/A          1%          1    None
 Flame Tongue             Conj/Fire      ####.        1%          1    None
 Pain                     Necr           ####         1%          1    None
 Searing Ray              Conj           ####..       1%          2    None
 Iskenderun's Mystic Bla  Conj           ####....     9%          4    ###....
 Dazzling Spray           Conj/Hex       ###...       10%         3    #......
 Call Imp                 Summ           ##......     11%         2    None
 Passwall                 Tmut/Erth      #.......     16%         2    None
 Slow                     Hex            #.......     16%         2    None
 Agony                    Necr           #####...     22%         5    #####..
 Force Lance              Conj/Tloc      ###.....     26%         4    ###....
 Fulminant Prism          Conj/Hex       ###.......   30%         4    ###....
 Excruciating Wounds      Chrm/Necr      ####......   34%         5    #####..
 Borgnjor's Vile Clutch   Necr/Erth      ###.......   61%         5    #####..
 Poison Arrow             Conj/Pois      #####.....   65%         6    ######.
 Cause Fear               Hex            #.........   71%         4    ###....
 Death Channel            Necr           #####.....   75%         6    ######.
 Bolt of Fire             Conj/Fire      ####......   89%         6    ######.
 Simulacrum               Ice/Necr       ####......   99%         6    ######.
 Dragon Form              Tmut           #.........   100%        7    #######
 Chain Lightning          Conj/Air       ####......   100%        8    #######
 Lehudib's Crystal Spear  Conj/Erth      ###.......   100%        8    #######
 Dragon's Call            Summ           ##........   100%        9    #######
 Fire Storm               Conj/Fire      ####......   100%        9    #######
 Glaciate                 Conj/Ice       ####......   100%        9    #######
 Shatter                  Erth           #.........   100%        9    #######
 Blink                    Tloc           Unusable     N/A         2    N/A

Dungeon Overview and Level Annotations

Branches:
Dungeon (11/15)            Temple (1/1) D:7            Lair (0/6) D:10
    Orc (0/2) D:9

Altars:
Cheibriados
Dithmenos
Elyvilon
Fedhas
Hepliaklqana
Kikubaaqudgha
Makhleb
Okawaru
Qazlal
Ru
Sif Muna
Trog
Vehumet
Wu Jian
Xom
Yredelemnul
Zin
The Shining One
Beogh

Shops:
D:6 [   D:9 [

Annotations:
D:8 1 exclusion
D:10 3 runed translucent doors, exclusion: oklob plant, raetorn's ghost, journeyman DrTm


Innate Abilities, Weirdness & Mutations

You cannot be hasted, slowed, berserked, paralysed or teleported.
You can dig through walls and to a lower floor.
Your four strong arms can wield two-handed weapons with a shield.
You have a pair of large antennae on your head. (SInv)


Message History

You see here an arrow.
You see here an arrow.
Casting: Conjure Flame (safe; 3% risk of failure)
Confirm with . or Enter, or press ? or * to list all spells.
Aiming: Mephitic Cloud (safe; 2% risk of failure)
Press: ? - help, Shift-Dir - straight line, f - ettin
Aim: an ettin, wielding a +0 dire flail and a +2 dire flail of venom The ball explodes into a vile cloud!
The stinking cloud engulfs the ettin but does no damage.
The ettin is engulfed in noxious fumes. x2
The ettin hits you with a +0 dire flail!!!
The ettin barely misses you.
You hit the ettin but do no damage.
The ettin is lightly wounded.
The ettin is engulfed in noxious fumes.
The ettin appears confused.
The ettin hits you with a +0 dire flail!!!
The ettin hits you with a +2 dire flail of venom!!
You die...
Kikubaaqudgha rasps: "You have failed me!
Welcome... death!"

#.....#...........'
#.....#...........#
#.....#...........#
#.##).#.......[...#
#.....'...........#
#.....########.###.
#.........###.....#
#......#..#..'.##.#
#.@....#..#..#.##.#
#C##......#..#.##.#
#☼####....'..#.##.#
#☼.#≈#....##.#....#
#..#≈#######.######
#.##≈#............#
#...≈.............#
#...≈.............#
#...≈.....#####'###


You could see an ettin (confused).

Vanquished Creatures
  Snorg (D:10)
  An ogre mage (D:8)
  A centaur warrior (D:8)
  3 two-headed ogres
  Nergalle (D:10)
  An orc knight (Bailey)
  A phantasmal warrior (D:11)
  A deep elf archer (D:8)
  A manticore (D:11)
  A moth of wrath (D:4)
  An ugly thing (D:8)
  Maurice (D:8)
  An orange demon (D:10)
  A komodo dragon (D:11)
  4 trolls
  A red devil (D:10)
  A hornet (D:11)
  2 hippogriffs
  2 shadows
  A spriggan (D:9)
  Sigmund (D:1)
  A wraith (D:10)
  14 yaks
  2 hungry ghosts (D:9)
  A soldier ant (D:10)
  A water moccasin (D:9)
  3 ice beasts
  7 orc warriors
  4 phantoms
  6 ogres
  3 black bears
  A necrophage (D:11)
  4 centaurs
  A crocodile (D:10)
  Blork the orc (D:4)
  2 big kobolds
  9 bullfrogs
  A gnoll sergeant (D:8)
  A wyvern zombie (D:8)
  A water moccasin skeleton (D:10)
  A wyvern skeleton (D:9)
  4 scorpions
  4 killer bees (D:9)
  10 wights
  5 howler monkeys
  A centaur zombie (D:9)
  A crimson imp (D:8)
  2 bullfrog zombies
  3 quasits
  4 hounds
  6 orc priests
  3 jellies
  5 orc wizards
  2 bullfrog skeletons (D:5)
  A centaur skeleton (D:8)
  A gnoll shaman (D:5)
  3 iguanas
  9 worker ants
  A killer bee zombie (D:8)
  A hound zombie (D:11)
  2 hound skeletons
  12 gnolls
  8 adders
  5 shadow imps
  An ooze (D:6)
  An adder zombie (D:5)
  An adder skeleton (D:7)
  5 worms
  3 dart slugs
  5 leopard geckos
  46 orcs
  8 bats
  7 giant cockroaches
  2 goblins
  8 hobgoblins
  19 jackals
  32 kobolds
  3 quokkas
  A ball python (D:3)
  3 frilled lizards
  4 rats
334 creatures vanquished.

Notes
Turn   | Place    | Note
-------+----------+-------------------------------------------
     0 | D:1      | DildoBatman the Formicid Wizard began the quest for the
                  | Orb.
     0 | D:1      | Reached XP level 1. HP: 13/13 MP: 4/4
    40 | D:1      | Reached skill level 1 in Conjurations
   255 | D:1      | Reached XP level 2. HP: 4/19 MP: 0/6
   769 | D:1      | Reached XP level 3. HP: 15/24 MP: 0/7
   774 | D:1      | Learned a level 3 spell: Conjure Flame
   778 | D:1      | Learned a level 3 spell: Mephitic Cloud
  1022 | D:2      | Noticed Sigmund
  1169 | D:2      | Found a shimmering altar of Xom.
  1570 | D:3      | Reached XP level 4. HP: 22/30 MP: 0/8
  2265 | D:3      | Reached XP level 5. HP: 35/35 MP: 4/9
  2636 | D:4      | You fall through a shaft for 3 floors!
  2637 | D:7      | Found a staircase to the Ecumenical Temple.
  2643 | Temple   | Entered the Ecumenical Temple
  2730 | Temple   | Became a worshipper of Kikubaaqudgha
  2785 | D:7      | Noticed a two-headed ogre
  2846 | D:7      | Found a flagged portal.
  2921 | D:7      | Noticed a troll
  3000 | D:7      | Killed a troll
  3000 | D:7      | Reached skill level 1 in Air Magic
  3000 | D:7      | Reached XP level 6. HP: 25/41 MP: 0/10
  3150 | Bailey   | Entered a bailey
  3167 | Bailey   | Reached XP level 7. HP: 37/46 MP: 8/11
  3313 | Bailey   | Noticed an orc knight
  3326 | Bailey   | Killed an orc knight
  3326 | Bailey   | Reached skill level 5 in Poison Magic
  3326 | Bailey   | Reached XP level 8. HP: 52/52 MP: 5/12
  3724 | D:7      | Killed a two-headed ogre
  3724 | D:7      | Reached skill level 5 in Air Magic
  3724 | D:7      | Reached XP level 9. HP: 22/57 MP: 4/13
  3888 | D:7      | Got a faintly glowing quarterstaff
  3889 | D:7      | Identified the +8 quarterstaff "Dustruux" {holy, rF+} (You
                  | found it on level 7 of the Dungeon)
  4215 | D:6      | Found Qoty Wogadyo's Armour Boutique.
  4644 | D:6      | Reached * piety under Kikubaaqudgha
  4644 | D:6      | Identified Kikubaaqudgha's Handbook of Stolen Souls
                  | (Kikubaaqudgha gifted it to you on level 6 of the Dungeon)
  4644 | D:6      | Received a gift from Kikubaaqudgha
  4644 | D:6      | Reached skill level 1 in Staves
  4650 | D:6      | Learned a level 3 spell: Regeneration
  4653 | D:6      | Learned a level 2 spell: Sublimation of Blood
  5047 | D:5      | Entered Level 5 of the Dungeon
  5056 | D:5      | Reached skill level 1 in Shields
  5081 | D:5      | Reached skill level 2 in Shields
  5123 | D:5      | Reached skill level 3 in Shields
  5295 | D:5      | Reached skill level 4 in Shields
  5373 | D:5      | Found a deep blue altar of Sif Muna.
  5487 | D:5      | Reached skill level 5 in Shields
  5608 | D:5      | Found a glowing silver altar of Zin.
  5608 | D:5      | Found a glowing golden altar of the Shining One.
  5609 | D:5      | Found a white marble altar of Elyvilon.
  5738 | D:4      | Reached skill level 6 in Shields
  5745 | D:4      | Reached XP level 10. HP: 63/63 MP: 8/15
  5757 | D:4      | Reached ** piety under Kikubaaqudgha
  5908 | D:4      | Reached skill level 7 in Shields
  5955 | D:4      | Noticed Blork the orc
  5991 | D:4      | Killed Blork the orc
  6050 | D:4      | Reached skill level 8 in Shields
  6368 | D:4      | Got a transparent dagger
  6369 | D:4      | Identified the +3 dagger of Dissent {pierce, -Tele rF+ MR-
                  | Dex+5} (You found it on level 4 of the Dungeon)
  6471 | D:4      | Noticed a moth of wrath
  6474 | D:4      | Found a bloodstained altar of Trog.
  6678 | D:1      | Killed Sigmund
  6810 | D:4      | Killed a moth of wrath
  6810 | D:4      | Reached skill level 9 in Shields
  7149 | D:8      | Noticed a two-headed ogre
  7318 | D:8      | Reached *** piety under Kikubaaqudgha
  7318 | D:8      | Identified Kikubaaqudgha's Handbook of Evil Rites
                  | (Kikubaaqudgha gifted it to you on level 8 of the Dungeon)
  7318 | D:8      | Received a gift from Kikubaaqudgha
  7464 | D:8      | Noticed a white ugly thing
  7484 | D:8      | Killed a white ugly thing
  7484 | D:8      | Reached skill level 1 in Fighting
  7484 | D:8      | Reached skill level 1 in Armour
  7484 | D:8      | Reached skill level 1 in Charms
  7484 | D:8      | Reached skill level 1 in Evocations
  7506 | D:8      | Noticed Maurice
  7530 | D:8      | Killed Maurice
  7530 | D:8      | Reached skill level 5 in Conjurations
  7530 | D:8      | Reached skill level 1 in Necromancy
  7623 | D:8      | Found a blossoming altar of Fedhas.
  7782 | D:8      | Killed a two-headed ogre
  7782 | D:8      | Reached XP level 11. HP: 72/72 MP: 8/17
  7786 | D:8      | Noticed a centaur warrior
  7786 | D:8      | Noticed a deep elf archer
  7807 | D:8      | Killed a centaur warrior
  7824 | D:8      | Killed a deep elf archer
  7852 | D:8      | Noticed an ogre mage
  7862 | D:8      | Killed an ogre mage
  7942 | D:8      | Noticed a seven-headed hydra
  8413 | D:9      | Got an ancient plate armour
  8449 | D:9      | Identified the cursed +1 plate armour of Going Fast {rElec
                  | rCorr Int+2 SInv} (You found it on level 9 of the Dungeon)
  8519 | D:9      | Reached **** piety under Kikubaaqudgha
  8583 | D:9      | Found Cyga's Armour Boutique.
  8629 | D:9      | Reached skill level 5 in Stealth
  8815 | D:9      | Found a glowing golden altar of the Shining One.
  8876 | D:9      | Found a staircase to the Orcish Mines.
  9144 | D:9      | Found a sacrificial altar of Ru.
  9147 | D:9      | Found a radiant altar of Vehumet.
  9153 | D:9      | Found a stormy altar of Qazlal.
  9153 | D:9      | Found a burning altar of Makhleb.
  9156 | D:9      | Found an ornate altar of the Wu Jian Council.
  9241 | D:10     | Entered Level 10 of the Dungeon
  9278 | D:10     | Reached XP level 12. HP: 83/83 MP: 15/18
  9543 | D:10     | Noticed Nergalle
  9576 | D:10     | Killed Nergalle
  9627 | D:10     | Noticed Snorg
  9641 | D:10     | Killed Snorg
  9796 | D:10     | Found a runed translucent gate.
  9798 | D:10     | Noticed raetorn's ghost (journeyman DrTm)
  9798 | D:10     | Found a runed translucent gate.
  9799 | D:10     | Found a runed translucent gate.
  9799 | D:10     | Identified the +2 chain mail of the Good {rC+ Regen+
                  | Slay-5}
  9802 | D:10     | Found a roughly hewn altar of Beogh.
  9906 | D:10     | Learned a level 5 spell: Dispel Undead
 10107 | D:10     | Reached skill level 5 in Fighting
 10117 | D:10     | Reached ***** piety under Kikubaaqudgha
 10256 | D:10     | Found a staircase to the Lair.
 10377 | D:10     | Reached skill level 5 in Armour
 10427 | D:11     | Reached skill level 5 in Evocations
 10503 | D:11     | Noticed a two-headed ogre
 10549 | D:10     | Killed a two-headed ogre
 10549 | D:10     | Reached skill level 5 in Necromancy
 10817 | D:11     | Reached skill level 5 in Spellcasting
 10937 | D:11     | Noticed an ettin
 10938 | D:11     | Found the +15 Maxwell's patent armour {-Cast -Tele rElec
                  | MR+ rCorr}
 11175 | D:11     | Identified the cursed +3 short sword of Cruel Justice
                  | {venom, Fragile rPois rC+}
 11299 | D:11     | Identified the Incunabulum of Dusty Unholy Magic
 11756 | D:11     | Demolished by an ettin

Skill      XL: |  1  2  3  4  5  6  7  8  9 10 11 12 |
---------------+-------------------------------------+-----
Conjurations   | 1 2 3 4 5 6 |  6.0
Fire Magic     | 2 4 |  4.4
Air Magic      | 1 3 5 |  5.3
Poison Magic   | 3 5 8 |  8.4
Staves         | 1 2 3 4 |  4.0
Shields        | 6 9 |  9.5
Dodging        | 2 3 |  3.1
Fighting       | 2 4 5 |  5.0
Armour         | 2 3 5 |  5.0
Stealth        | 3 5 6 |  6.1
Spellcasting   | 4 6 |  6.0
Charms         | 1 3 4 |  4.0
Evocations     | 1 3 6 |  6.0
Necromancy     | 1 3 6 |  6.4
Summonings     | |  1.0
Translocations | |  0.8

Action                   |  1- 3 |  4- 6 |  7- 9 | 10-12 || total
-------------------------+-------+-------+-------+-------++-------
Melee: Club              |    36 |    37 |       |       ||    73
       Mace              |       |    11 |    73 |       ||    84
       Quarterstaff      |       |       |    85 |   535 ||   620
 Fire: Shortbow          |       |       |       |     1 ||     1
Throw: Stone             |       |       |    27 |     2 ||    29
       Tomahawk          |       |       |    17 |    30 ||    47
 Cast: Magic Dart        |    66 |    48 |    99 |   123 ||   336
       Conjure Flame     |       |     3 |     2 |    38 ||    43
       Mephitic Cloud    |       |     2 |    11 |    56 ||    69
       Regeneration      |       |       |       |    10 ||    10
 Abil: Dig               |       |     9 |       |    27 ||    36
Evoke: Wand              |       |       |       |    53 ||    53
  Use: Scroll            |       |     3 |       |     2 ||     5
 Stab: Sleeping          |     1 |       |       |     2 ||     3
       Confused          |       |       |     2 |    24 ||    26
       Distracted        |       |       |       |     2 ||     2
  Eat: Chunk             |       |     9 |     9 |    30 ||    48
Armor: Robe              |    10 |    11 |       |       ||    21
       Troll leather arm |       |       |    64 |    81 ||   145
Dodge: Dodged            |    57 |    59 |   156 |   234 ||   506
Block: Shield            |       |       |       |   243 ||   243
